 Dungeon Crawl Stone Soup version 0.29.1-15-g9cfb28693d (webtiles) character file.

Game seed: 7583957307245209950

163 croobank the Sneak (level 5, -5/33 HPs)
             Began as an Octopode Fire Elementalist on Apr 7, 2023.
             Engulfed by a cloud of steam (11 damage)
             ... on level 4 of the Dungeon.
             The game lasted 00:07:28 (3268 turns).

croobank the Sneak (Octopode Fire Elementalist)     Turns: 3268, Time: 00:07:29

Health: -5/33      AC:  5    Str:  7    XL:     5   Next: 44%
Magic:  7/9        EV: 13    Int: 19    God:
Gold:   168        SH:  0    Dex: 13    Spells: 3/9 levels left

rFire   . . .      SeeInvis .   (no weapon)
rCold   . . .      Faith    .   (no shield)
rNeg    . . .      Spirit   .   (helmet restricted)
rPois   .          Reflect  .   c - amulet of magic regeneration
rElec   .          Harm     .   l - +4 ring of protection
rCorr   .          Rampage  .   q - ring of wizardry
Will    .....                   (no ring)
Stlth   ++++......              (no ring)
HPRegen 0.11/turn               (no ring)
MPRegen 0.51/turn               (no ring)
                                (no ring)
                                (no ring)

@: no status effects
A: almost no armour, amphibious, 8 rings, camouflage 1, gelatinous body 1,
nimble swimmer 1, tentacles
a: no special abilities


You were on level 4 of the Dungeon.
You visited 1 branch of the dungeon, and saw 4 of its levels.

You collected 168 gold pieces.

Inventory:

Hand Weapons
 d - a +0 dagger
 m - a +0 short sword
 t - a +0 trident
Missiles
 r - 7 poisoned darts
Jewellery
 c - an amulet of magic regeneration (around mantle)
 l - a +4 ring of protection (left tentacle)
 q - a ring of wizardry (right tentacle)
Wands
 p - a wand of charming (10)
Scrolls
 w - a scroll of blinking {unknown}
 x - a scroll of brand weapon {unknown}
 y - a scroll of poison {unknown}
Potions
 a - a potion of magic
 b - a potion of might
 e - 2 potions of heal wounds {unknown}
 f - 2 potions of flight {unknown}
 g - a potion of brilliance {unknown}
 i - a potion of curing {unknown}
 j - 2 potions of degeneration {unknown}
 o - 2 potions of haste {unknown}


   Skills:
 + Level 1.5 Fighting
 + Level 2.7 Dodging
 + Level 3.9 Stealth
 + Level 2.7 Spellcasting
 + Level 1.9 Conjurations
 * Level 1.5 Transmutations
 + Level 3.4 Fire Magic


You had 3 spell levels left.
You knew the following spells:

 Your Spells              Type           Power      Damage    Failure   Level
a - Foxfire               Conj/Fire      48%        2x1d6     2%          1
b - Scorch                Fire           30%        2d7       2%          2
c - Beastly Appendage     Tmut           16%        N/A       3%          1
d - Wereblood             Tmut           8%         N/A       4%          2

Your spell library contained the following spells:

 Spells                   Type           Power      Damage    Failure   Level
 Summon Small Mammal      Summ           8%         N/A       6%          1
 Conjure Flame            Conj/Fire      12%        6-21      6%          3
 Inner Flame              Hex/Fire       9%         N/A       10%         3
 Spider Form              Tmut/Pois      5%         N/A       14%         3
 Call Canine Familiar     Summ           2%         N/A       19%         3
 Summon Guardian Golem    Hex/Summ       2%         N/A       19%         3
 Flame Wave               Conj/Fire      12%        2d6       21%         4


Dungeon Overview and Level Annotations

Branches:
Dungeon (4/15)
 Temple: D:4-7

Altars:
Cheibriados


Innate Abilities, Weirdness & Mutations

You cannot wear most types of armour.
You are amphibious.
You can wear up to eight rings at the same time.
Your skin changes colour to match your surroundings (Stealth+).
Your rubbery body absorbs attacks. (AC +1, EV +1)
You are camouflaged when in or above water. (Stealth+)
You have tentacles for arms and can constrict up to eight enemies at once.


Message History

You hear the slow rusting of a drain.
A river rat comes into view.
The river rat bites you.
Casting: Foxfire (safe; 2% risk of failure)
Confirm with . or Enter, or press ? or * to list all spells.
Flames lash the river rat.
The river rat is moderately wounded.
The river rat's fire resistance burns away.
The river rat closely misses you.
You closely miss the river rat. Your grab misses the river rat.
The river rat is moderately wounded.
The river rat is engulfed in a cloud of scalding steam.
You kill the river rat!
You are engulfed in a cloud of scalding steam.
A giant cockroach comes into view.
An adder comes into view.
The adder hisses angrily.
Casting: Scorch (safe; 2% risk of failure)
Confirm with . or Enter, or press ? or * to list all spells.
Flames lash the adder.
The adder is heavily wounded.
The adder's fire resistance burns away.
The adder is engulfed in a cloud of scalding steam. x2
Casting: Scorch (safe; 2% risk of failure)
Confirm with . or Enter, or press ? or * to list all spells.
Flames lash the giant cockroach.
You kill the giant cockroach!
You are engulfed in a cloud of scalding steam.
The adder misses you. The adder barely misses you.
You see here a giant cockroach corpse.
You closely miss the adder. Your grab misses the adder.
The adder is almost dead.
You are engulfed in a cloud of scalding steam.
* * * LOW HITPOINT WARNING * * *
The adder barely misses you.
You tentacle-slap the adder but do no damage.
Your grab misses the adder.
The adder is almost dead.
You are engulfed in a cloud of scalding steam.
You die...

***,,,,,,,*,**,* *,********#.,*
*,<,,,,,*,**,* *,*,,,,,,,#,,*
*,,,,,,,*,**,* *,*,*****,*,,#
***,,,,,,,,,,*#########,,,<,...
*****,*****,,,,##~..~~~~##**,,..#
,,,,,,,,* ****,#~#######~# #...**
,,,,,,*,* *,#~#~,~~*#~#*#...#
*******,* *,#~#,***~#~#,,...#
*******,*** *,#@#~*∩*~#.#**#..#
,,,**,,,,,* *,#S#~*~*,#~####..##
**,**,***,****,#§#*~**~#~#.......
*,,,>* *,,,,,,#~#****~#~#**#..##
****,***,*****##~~,~,##~####....
*****,,,,,* *#****#.##.....##
,,,,,,,,*** #..v.##### *********
######


You could see an adder (combustible).

Vanquished Creatures
  An iguana (D:4)
  5 adders
  A river rat (D:4)
  3 worms
  2 dart slugs
  8 orcs (D:3)
  4 ball pythons
  4 bats
  6 endoplasms
  3 giant cockroaches
  5 goblins
  2 hobgoblins
  3 jackals (D:2)
  2 quokkas
  2 frilled lizards
  5 kobolds
  9 rats
65 creatures vanquished.

Vanquished Creatures (others)
  59 foxfires
59 creatures vanquished.

Grand Total: 124 creatures vanquished

Notes
Turn   | Place    | Note
-------+----------+-------------------------------------------
     0 | D:1      | croobank the Octopode Fire Elementalist began the quest for
                  | the Orb.
     0 | D:1      | Reached XP level 1. HP: 11/11 MP: 3/3
   159 | D:1      | Reached XP level 2. HP: 17/17 MP: 5/5
   162 | D:1      | Learned a level 2 spell: Scorch
   645 | D:1      | Found a faded altar of an unknown god.
   984 | D:3      | Reached XP level 3. HP: 22/22 MP: 3/6
  1220 | D:2      | Learned a level 1 spell: Beastly Appendage
  1223 | D:2      | Learned a level 2 spell: Wereblood
  1940 | D:3      | Reached XP level 4. HP: 21/27 MP: 1/7
  1965 | D:3      | Reached skill level 1 in Fighting
  2822 | D:3      | Reached skill level 1 in Transmutations
  3165 | D:4      | Reached XP level 5. HP: 31/33 MP: 5/8
  3183 | D:4      | Found a snail-covered altar of Cheibriados.
  3268 | D:4      | Engulfed by a cloud of steam

Illustrated notes

Levels and vault maps discovered:
D:1:      minmay_arrival_up_and_down, layout_loops_ring,
          hellmonk_ecumenical_altar_slurped_away
D:2:      layout_loops_cross
D:3:      layout_basic, dk_noncrumbling_2
D:4:      layout_loops_ring, lemuel_doored_altar, zin_statuary,
          mainiacjoe_overflow_brackets, lemuel_coloured_pillars_altar,
          serial_shops, nicolae_shop_behind_doors, gup_sewer_entry_spiral,
          uniq_blork_the_orc

Skill      XL: |  1  2  3  4 |
---------------+-------------+-----
Stealth        | 3 |  3.9
Fighting       | 1 |  1.5
Transmutations | 1 |  1.5
Dodging        | |  2.7
Spellcasting   | |  2.7
Conjurations   | |  1.9
Fire Magic     | |  3.4

Action                   |  1- 3 |  4- 6 || total
-------------------------+-------+-------++-------
Melee: Unarmed           |     9 |    63 ||    72
       Tentacles         |     3 |    14 ||    17
       Constrict         |     3 |    17 ||    20
       Kick              |     1 |    24 ||    25
       Punch             |       |     1 ||     1
 Cast: Foxfire           |    37 |     2 ||    39
       Scorch            |    26 |     7 ||    33
       Beastly Appendage |     2 |    16 ||    18
       Wereblood         |       |    13 ||    13
  Use: Scroll            |       |     6 ||     6
 Stab: Sleeping          |     2 |     4 ||     6
Armor: Skin              |     1 |    13 ||    14
Dodge: Dodged            |     9 |    35 ||    44
